 Seeded DCSS version 0.28.0-53-g5a82cb258f (webtiles) character file.

Game seed: 1973 (custom seed)

2130 Kazon the Cutter (level 9, -10/74 HPs)
             Began as a White Draconian Fighter on July 15, 2022.
             Was a Follower of Makhleb.
             Mangled by Harold
             ... wielding a +0 mace
              (19 damage)
             ... on level 8 of the Dungeon.
             The game lasted 00:28:51 (5007 turns).

Kazon the Cutter (White Draconian Fighter)          Turns: 5007, Time: 00:28:52

Health: -10/74     AC: 10    Str: 21    XL:     9   Next: 9%
Magic:  12/12      EV: 14    Int:  8    God:    Makhleb [*.....]
Gold:   131        SH:  0    Dex: 13    Spells: 7/9 levels left

rFire   . . .      SeeInvis .   p - +0 short sword (venom)
rCold   + . .      Faith    .   G - orb {*Rage}
rNeg    + . .      Spirit   .   (armour unavailable)
rPois   .          Reflect  .   z - +2 hat of Gozag's Whim {rN+}
rElec   .          Harm     .   (no cloak)
rCorr   .          Rampage  .   (no gloves)
Will    .....      Rage     20% E - +0 pair of boots
Stlth   ++........              m - amulet of magic regeneration
HPRegen 0.22/turn               (no ring)
MPRegen 0.53/turn               (no ring)

@: marked, on berserk cooldown, slowed, very slow
A: breathe frost, AC +7, unfitting armour, cold resistance 1, cold-blooded
a: Breathe Frost, Renounce Religion


You were on level 8 of the Dungeon.
You worshipped Makhleb.
Makhleb was aware of your devotion.
You visited 2 branches of the dungeon, and saw 9 of its levels.

You collected 323 gold pieces.
You spent 192 gold pieces at shops.

Inventory:

Hand Weapons
 a - a +0 rapier
 d - a +2 vampiric dagger
 p - a +0 short sword of venom (weapon)
Missiles
 e - 180 stones (quivered)
 w - 7 poisoned darts
Armour
 b - a +0 buckler
 c - a +0 tower shield
 z - the +2 hat of Gozag's Whim (worn) {rN+}
   (You acquired it on level 5 of the Dungeon)

   rN:        It protects you from negative energy.
 E - a +0 pair of boots (worn)
 G - an orb of wrath (worn)
Jewellery
 m - an amulet of magic regeneration (around neck)
 n - an amulet of faith
 s - a ring of fire
Wands
 r - a wand of flame (19)
Scrolls
 g - a scroll of noise {unknown}
 h - 3 scrolls of teleportation {unknown}
 k - a scroll of enchant weapon {unknown}
 o - 2 scrolls of identify
 q - 2 scrolls of fog {unknown}
 t - a scroll of amnesia {unknown}
 v - a scroll of magic mapping {unknown}
 y - a scroll of fear {unknown}
 C - a scroll of holy word {unknown}
 D - 3 scrolls of immolation {unknown}
 F - a scroll of vulnerability {unknown}
 H - a scroll of brand weapon {unknown}
 I - a scroll of blinking {unknown}
 O - a scroll of enchant armour {unknown}
Potions
 i - a potion of berserk rage
 j - 5 potions of curing
 l - a potion of resistance
 u - 2 potions of flight
 x - a potion of cancellation
 A - 3 potions of heal wounds
 B - 2 potions of attraction {unknown}
 J - 2 potions of invisibility {unknown}
 K - a potion of mutation
 L - a potion of lignification
 M - 2 potions of brilliance {unknown}
 N - 4 potions of might


   Skills:
 + Level 5.1 Fighting
 + Level 6.4 Short Blades
 + Level 3.1 Throwing
 + Level 5.2 Dodging
 + Level 1.9 Stealth
 + Level 4.3 Shields
 + Level 0.9 Spellcasting
 + Level 0.3 Air Magic
 + Level 0.2 Poison Magic
 * Level 4.5 Invocations
 * Level 3.8 Evocations


You had 7 spell levels left.
You knew the following spells:

 Your Spells              Type           Power      Damage    Failure   Level
a - Poisonous Vapours     Pois/Air       0%         N/A       50%         2

Your spell library contained the following spells:

 Spells                   Type           Power      Damage    Failure   Level
 Sting                    Tmut/Pois      0%         1d3       36%         1
 Ensorcelled Hibernation  Hex/Ice        0%         N/A       52%         2
 Sublimation of Blood     Necr           0%         N/A       52%         2
 Spider Form              Tmut/Pois      0%         N/A       75%         3
 Portal Projectile        Hex/Tloc       0%         N/A       77%         3
 Olgreb's Toxic Radiance  Pois           0%         N/A       98%         4
 Anguish                  Hex/Necr       0%         N/A       99%         4
 Hailstorm                Conj/Ice       0%         3d3       99%         4
 Ice Form                 Ice/Tmut       0%         N/A       99%         4
 Petrify                  Tmut/Erth      0%         N/A       99%         4
 Blade Hands              Tmut           0%         N/A       100%        5
 Excruciating Wounds      Necr           0%         N/A       100%        5
 Irradiate                Conj/Tmut      0%         3d13      100%        5
 Summon Forest            Summ/Tloc      0%         N/A       100%        5
 Eringya's Noxious Bog    Tmut/Pois      0%         N/A       100%        6
 Simulacrum               Ice/Necr       0%         N/A       100%        6
 Summon Hydra             Summ           0%         N/A       100%        7


Dungeon Overview and Level Annotations

Branches:
Dungeon (8/15)             Temple (1/1) D:4
   Lair: D:8-11

Altars:
Ashenzari
Cheibriados
Elyvilon
Fedhas
Kikubaaqudgha
Makhleb
Nemelex Xobeh
Sif Muna
Trog
Uskayaw
Xom

Shops:
D:6 !

Annotations:
D:8 Harold


Innate Abilities, Weirdness & Mutations

You can breathe waves of freezing cold which knock back foes.
Your icy white scales are hard. (AC +7)
You cannot fit into any form of body armour.
Your flesh is cold resistant. (rC+)
You are cold-blooded and may be slowed by cold attacks.


Message History

Harold misses you.
You barely miss Harold.
Harold is moderately wounded.
Harold hits you with a +0 mace!
You hit Harold.
Harold looks as sick as possible!
Harold is moderately wounded.
Harold closely misses you.
You hit Harold but do no damage.
Harold looks as sick as possible!
Harold is moderately wounded.
Harold hits you with a +0 mace!
You barely miss Harold.
Harold is heavily wounded.
Harold closely misses you. Harold barely misses you.
You hit Harold.
Harold is heavily wounded.
Harold hits you with a +0 mace!
* * * LOW HITPOINT WARNING * * *
You barely miss Harold.
Harold is heavily wounded.
Harold hits you with a +0 mace!
* * * LOW HITPOINT WARNING * * *
You hit Harold but do no damage.
Harold looks as sick as possible!
Harold is heavily wounded.
Harold closely misses you.
You completely miss Harold.
Harold is heavily wounded.
Harold misses you.
You hit Harold but do no damage.
Harold looks as sick as possible!
Harold is heavily wounded.
Harold asks, "Do you mind if I name my boat the 'Kazon'?
Your head will be paying for it, after all."
Harold hits you with a +0 mace!
* * * LOW HITPOINT WARNING * * *
You hit Harold.
Harold looks as sick as possible!
Harold is severely wounded.
Harold says happily, "The price on your head will fill my nest egg nicely!"
Harold hits you but does no damage.
You hit Harold.
Harold looks as sick as possible!
Your tail-slap misses Harold.
Harold is severely wounded.
Harold hits you with a +0 mace!!
You die...

####++# #.....#
#.....# #@....#
+.@...# #.....#
##############+#.....#
#
..................#+##
.# ..................#
...
..................# ..
................(.##8#
....###########.....#


You could see Harold (extremely poisoned).

Vanquished Creatures
  A komodo dragon (D:7)
  Prince Ribbit (D:8)
  A water moccasin (D:4)
  A black bear (D:7)
  A sky beast (D:7)
  2 necrophages
  3 ogres
  A phantom (D:3)
  A bullfrog (D:6)
  3 scorpions
  A wight (D:8)
  A bullfrog zombie (D:6)
  2 centaur zombies (D:5)
  2 hounds
  A centaur skeleton (D:7)
  A jelly (D:6)
  An orc priest (D:7)
  A bullfrog skeleton (D:6)
  An iron imp (D:3)
  Jessica (D:2)
  2 iguanas
  A hound skeleton (D:4)
  4 gnolls (D:2)
  A howler monkey skeleton (D:4)
  6 adders
  A white imp (D:5)
  An ufetubus (D:4)
  A worm (D:2)
  A dart slug (D:3)
  5 orcs
  13 ball pythons
  5 endoplasms
  6 giant cockroaches
  9 goblins
  9 hobgoblins
  6 jackals (D:1)
  11 kobolds
  6 quokkas
  2 bats (D:3)
  6 frilled lizards
  6 rats
129 creatures vanquished.

Notes
Turn   | Place    | Note
-------+----------+-------------------------------------------
     0 | D:1      | Kazon the Draconian Fighter began the quest for the Orb.
     0 | D:1      | Reached XP level 1. HP: 19/19 MP: 1/1
   244 | D:1      | Reached XP level 2. HP: 25/26 MP: 2/2
   535 | D:1      | Reached XP level 3. HP: 29/31 MP: 3/3
   960 | D:2      | Reached XP level 4. HP: 31/40 MP: 4/4
   967 | D:2      | Reached skill level 3 in Short Blades
  1218 | D:2      | Noticed Jessica
  1225 | D:2      | Killed Jessica
  1231 | D:2      | Reached XP level 5. HP: 31/46 MP: 5/5
  1418 | D:2      | Found a faded altar of an unknown god.
  1441 | D:3      | Found a snail-covered altar of Cheibriados.
  1579 | D:3      | Found a sparkling altar of Nemelex Xobeh.
  1711 | D:3      | Noticed a phantom
  1746 | D:3      | Killed a phantom
  1747 | D:3      | Reached skill level 4 in Short Blades
  1747 | D:3      | Reached XP level 6. HP: 19/52 MP: 6/6
  1756 | D:3      | Found a bloodstained altar of Trog.
  2009 | D:3      | Reached skill level 1 in Throwing
  2509 | D:4      | Found a staircase to the Ecumenical Temple.
  2516 | Temple   | Entered the Ecumenical Temple
  2544 | Temple   | Became a worshipper of Makhleb the Destroyer
  2594 | D:4      | Reached skill level 1 in Stealth
  2600 | D:4      | Noticed a water moccasin
  2610 | D:4      | Killed a water moccasin
  2611 | D:4      | Reached skill level 1 in Invocations
  2611 | D:4      | Reached skill level 1 in Evocations
  2633 | D:4      | Your scales start taking on an icy white colour.
  2633 | D:4      | Reached XP level 7. HP: 52/60 MP: 6/8
  2633 | D:4      | Gained mutation: Your flesh is cold resistant. (rC+) [White
                  | Draconian growth]
  2676 | D:4      | Found a hide-covered altar of Uskayaw.
  3265 | D:5      | Entered Level 5 of the Dungeon
  3450 | D:5      | Identified a scroll of acquirement
  3450 | D:5      | Acquired the +2 hat of Gozag's Whim {rN+}
  3524 | D:5      | Reached skill level 5 in Short Blades
  3958 | D:6      | Reached XP level 8. HP: 42/67 MP: 10/10
  4270 | D:6      | Reached * piety under Makhleb
  4379 | D:6      | Found Vaffell's Distillery.
  4397 | D:6      | Bought a potion of heal wounds for 60 gold pieces
  4397 | D:6      | Bought a potion of mutation for 96 gold pieces
  4397 | D:6      | Bought a potion of lignification for 36 gold pieces
  4430 | D:6      | Found a shimmering altar of Xom.
  4442 | D:6      | Learned a level 2 spell: Poisonous Vapours
  4733 | D:7      | Noticed a komodo dragon
  4747 | D:7      | Killed a komodo dragon
  4748 | D:7      | Reached skill level 5 in Fighting
  4748 | D:7      | Reached skill level 6 in Short Blades
  4748 | D:7      | Reached skill level 5 in Dodging
  4929 | D:8      | Found a broken altar of Ashenzari.
  4970 | D:8      | Noticed Prince Ribbit
  4982 | D:8      | Killed Prince Ribbit
  4983 | D:8      | Reached XP level 9. HP: 74/74 MP: 12/12
  4983 | D:8      | Noticed Harold
  5007 | D:8      | Mangled by Harold

Illustrated notes

Levels and vault maps discovered:
D:1:      scummos_arrival_simple_crosswalls, layout_basic, minmay_tripent
D:2:      layout_basic, shapermc_ecumenical_altar_totnotflames, uniq_jessica
D:3:      minmay_skewed_foursquare, layout_basic, slow_altar_1,
          nemelex_diamond_rough_becter, mainiacjoe_overflow_surrounded_room
D:4:      layout_basic, nicolae_uskayaw_murder_on_the_dancefloor,
          minmay_temple_entry_mist, hex_tiny, hangedman_decor_diamond_cutter,
          minmay_misc_feat_tiny
D:5:      layout_basic
D:6:      layout_cave_pools, tgw_xom, serial_shops, shop, minmay_misc_feat_rows
D:7:      layout_basic
D:8:      layout_gridville, lemuel_crystal_altar, zin_scriptorium,
          lightli_ossuary_entry_decrepit_ruins, kennysheep_generic_room_12,
          uniq_prince_ribbit1, uniq_gastronok, uniq_harold
Temple:   cyrus_temple_forest

Skill      XL: |  1  2  3  4  5  6  7  8 |
---------------+-------------------------+-----
Dodging        | 3 4 5 |  5.2
Short Blades   | 3 4 5 6 |  6.4
Fighting       | 4 5 |  5.1
Throwing       | 1 2 3 |  3.1
Stealth        | 1 |  1.9
Invocations    | 1 2 4 |  4.5
Evocations     | 1 2 3 |  3.8
Shields        | 4 |  4.3
Spellcasting   | |  0.9
Air Magic      | |  0.3
Poison Magic   | |  0.2

Action                   |  1- 3 |  4- 6 |  7- 9 || total
-------------------------+-------+-------+-------++-------
Melee: Dagger            |   151 |   158 |   194 ||   503
       Rapier            |     5 |       |       ||     5
       Tailslap          |    13 |    28 |    41 ||    82
       Short sword       |       |    28 |    76 ||   104
Throw: Stone             |    31 |    23 |    37 ||    91
       Dart              |       |     2 |     5 ||     7
 Cast: Poisonous Vapours |       |       |     2 ||     2
 Abil: Breathe Frost     |       |       |    16 ||    16
Evoke: Wand              |       |       |     5 ||     5
  Use: Potion            |       |     1 |     1 ||     2
       Scroll            |       |       |     6 ||     6
 Stab: Sleeping          |       |     2 |     1 ||     3
Armor: Skin              |    25 |    29 |    82 ||   136
Dodge: Dodged            |    65 |    85 |   135 ||   285
Block: Buckler           |    26 |    27 |    21 ||    74
